 Dungeon Crawl Stone Soup version 0.17.0-28-g6e173f8 (webtiles) character file.

905 timbw the Martial Artist (level 8, -3/52 HPs)
             Began as an Octopode Monk on Nov 28, 2015.
             Was a Priest of Makhleb.
             Slain by an orc warrior
             ... wielding a +0 glaive
              (17 damage)
             ... on level 8 of the Dungeon.
             The game lasted 00:05:48 (965 turns).

timbw the Martial Artist (Octopode Monk)             Turns: 965, Time: 00:05:49

Health: -3/52      AC:  1    Str: 10    XL:     8   Next: 8%
Magic:  8/8        EV: 14    Int: 13    God:    Makhleb [***...]
Gold:   103        SH:  0    Dex: 16    Spells: 0 memorised, 7 levels left

rFire  . . .     SeeInvis .       - Unarmed
rCold  . . .     Clarity  .     (no shield)
rNeg   . . .     SustAt   .     (helmet restricted)
rPois  .         Gourm    .     (no amulet)
rElec  .         Spirit   .     (no ring)
rCorr  .         Warding  .     (no ring)
rMut   .         Stasis   .     (no ring)
MR     .....                    (no ring)
Stlth  +++.......               (no ring)
                                (no ring)
                                (no ring)
                                (no ring)

@: not resistant to hostile enchantments, fairly stealthy
A: almost no armour, amphibious, 8 rings, constrict 8, camouflage 1, gelatinous
body 1
a: Minor Destruction, Lesser Servant of Makhleb, Renounce Religion


You were on level 8 of the Dungeon.
You worshipped Makhleb.
Makhleb was most pleased with you.
You were hungry.

You visited 1 branch of the dungeon, and saw 8 of its levels.

You collected 103 gold pieces.

Inventory:

Wands
 b - a wand of digging (16)
 h - a wand of cold (2)
Scrolls
 d - a scroll of blinking {unknown}
 g - a scroll of remove curse {unknown}
 i - 3 scrolls of identify
 j - a scroll of amnesia {unknown}
Books
 c - a book of Conjurations

   Spells                             Type                      Level
   a - Magic Dart                     Conjuration                  1
   b - Searing Ray                    Conjuration                  2
   c - Dazzling Spray                 Conjuration/Hexes            3
   d - Fulminant Prism                Conjuration/Hexes            4
   e - Iskenderun's Mystic Blast      Conjuration                  4
   f - Iskenderun's Battlesphere      Conjuration/Charms           5
Comestibles
 a - 2 bread rations
 f - a royal jelly


   Skills:
 + Level 3.3 Fighting
 + Level 3.4 Dodging
 - Level 2.6 Stealth
 * Level 9.6 Unarmed Combat


You had 7 spell levels left.
You didn't know any spells.

Dungeon Overview and Level Annotations

Branches:
Dungeon (8/15)
 Temple: D:4-7         Lair: D:8-11

Altars:
Ashenzari
Dithmenos
Gozag
Makhleb

Annotations:
D:5 Prince Ribbit


Innate Abilities, Weirdness & Mutations

You cannot wear most types of armour.
You are amphibious.
You can wear up to eight rings at the same time.
You can use your tentacles to constrict eight enemies at once.
Your skin changes colour to match your surroundings (Stealth).
Your rubbery body absorbs attacks (AC +1).


Message History

You tentacle-slap the orc. You grab the orc.
Your tentacle-slap misses the orc.
You squeeze the orc.
The orc is heavily wounded.
You constrict the orc, but do no damage.
You release your grip on the orc.
The orc warrior hits you with a glaive!
You tentacle-slap the orc warrior but do no damage.
You grab the orc warrior. You constrict the orc warrior.
The orc hits you with a whip.
The orc warrior hits you with a glaive!!
Ouch! That really hurt!
* * * LOW HITPOINT WARNING * * *
Drink which item? (? for menu, Esc to quit)
You feel better.
You constrict the orc warrior, but do no damage.
The orc closely misses you.
You bludgeon the orc warrior!
The orc warrior is heavily wounded.
You constrict the orc warrior, but do no damage.
The orc warrior hits you with a glaive!
You die...

### ##
##.##.####
##........#
#........$#
##..o@o†...##
#.<.........#
#.########...#
#.. ..# #..# .
.... .###. # #


You could see an orc warrior and an orc.

Vanquished Creatures
  Grinder (D:5)
  Eustachio (D:5)
  Edmund (D:5)
  An ogre (D:4)
  A scorpion (D:5)
  A giant frog zombie (D:5)
  2 orc priests (D:6)
  Crazy Yiuf (D:5)
  A centaur skeleton (D:7)
  3 orc wizards
  Robin (D:2)
  3 gnolls (D:2)
  An ooze (D:2)
  An adder skeleton (D:4)
  2 worms
  A giant gecko (D:2)
  4 orcs
  3 bats
  2 giant cockroaches
  12 goblins
  5 hobgoblins
  7 jackals
  2 quokkas
  2 kobolds (D:3)
  2 rats
61 creatures vanquished.

Notes
Turn   | Place    | Note
--------------------------------------------------------------
     0 | D:1      | timbw the Octopode Monk began the quest for the Orb.
     0 | D:1      | Reached XP level 1. HP: 16/16 MP: 1/1
    34 | D:2      | Noticed Robin
    44 | D:2      | Reached XP level 2. HP: 21/21 MP: 2/2
    64 | D:2      | Killed Robin
    64 | D:2      | Reached XP level 3. HP: 18/26 MP: 3/3
    69 | D:2      | Reached skill level 5 in Unarmed Combat
   186 | D:2      | Reached XP level 4. HP: 31/31 MP: 4/4
   201 | D:2      | Found a burning altar of Makhleb.
   205 | D:2      | Became a worshipper of Makhleb the Destroyer
   205 | D:2      | Reached * piety under Makhleb
   205 | D:2      | Reached ** piety under Makhleb
   247 | D:3      | Found a shadowy altar of Dithmenos.
   378 | D:4      | Noticed an ogre
   392 | D:4      | Killed an ogre
   392 | D:4      | Reached skill level 6 in Unarmed Combat
   392 | D:4      | Reached XP level 5. HP: 36/36 MP: 5/5
   449 | D:5      | Entered Level 5 of the Dungeon
   491 | D:5      | Noticed Eustachio
   504 | D:5      | Killed Eustachio
   504 | D:5      | Reached skill level 7 in Unarmed Combat
   504 | D:5      | Reached XP level 6. HP: 31/42 MP: 6/6
   570 | D:5      | Noticed Prince Ribbit
   583 | D:5      | Noticed Grinder
   583 | D:5      | Noticed Crazy Yiuf
   592 | D:5      | Killed Crazy Yiuf
   599 | D:5      | Killed Grinder
   599 | D:5      | Reached skill level 8 in Unarmed Combat
   599 | D:5      | Reached XP level 7. HP: 32/46 MP: 7/7
   628 | D:5      | Found an opulent altar of Gozag.
   656 | D:5      | Noticed Edmund
   719 | D:5      | Killed Edmund
   719 | D:5      | Reached skill level 9 in Unarmed Combat
   879 | D:6      | Reached *** piety under Makhleb
   879 | D:6      | Reached XP level 8. HP: 52/52 MP: 8/8
   884 | D:6      | Found a shattered altar of Ashenzari.
   965 | D:8      | Slain by an orc warrior

Action                   |  1- 3 |  4- 6 |  7- 9 || total
-------------------------+-------+-------+-------++-------
Melee: Unarmed           |    53 |    58 |    38 ||   149
Evoke: Wand              |       |     4 |     3 ||     7
  Use: Potion            |     2 |     2 |     1 ||     5
       Scroll            |       |     1 |       ||     1
 Stab: Sleeping          |     2 |     2 |     1 ||     5
       Distracted        |       |     1 |       ||     1
